NYP
SPOKANE INDIANS @ CHICAGO (NYP) WHITE SOX
05/26/2048
 
TOP OF THE 1ST
Spokane Indians batting - Pitching for Chicago (NYP) White Sox : LHP Amari Miller
Pitching: LHP Amari Miller
Batting: RHB Danny Odom 0-0: Ball
1-0: Called Strike
1-1: Foul Ball, location: 2F
1-2: Strikes out swinging
Batting: RHB Josh Whitmore 0-0: Called Strike
0-1: Foul Ball, location: 2F
0-2: Ground out 2-3 (Groundball, 2R, EV 68.8 MPH)
Batting: RHB Austin Mickelson 0-0: Ball
1-0: Ball
2-0: Called Strike
2-1: Ball
3-1: SINGLE (Groundball, 4MD, EV 107.5 MPH)
Batting: RHB Vinny Luna 0-0: Ball
1-0: Called Strike
1-1: Foul Ball, location: 2F
1-2: Ball
2-2: Foul Ball, location: 2F
2-2: Fly out, F8 (Flyball, 8LS, EV 82.5 MPH)
Top of the 1st over - 0 runs, 1 hit, 0 errors, 1 left on base; Spokane 0 - Chicago (NYP) 0
BOTTOM OF THE 1ST
Chicago (NYP) White Sox batting - Pitching for Spokane Indians : LHP Chris P. Bacon
Pitching: LHP Chris P. Bacon
Batting: SHB Tomas Caldera 0-0: Called Strike
0-1: Fly out, F8 (Flyball, 8RXD, EV 98.1 MPH)
Batting: RHB Tyrell Camp 0-0: Hit by Pitch
Batting: SHB Veit Geisler 0-0: Called Strike
0-1: Ball
1-1: Ball
2-1: Swinging Strike
2-2: Foul Ball, location: 2F
2-2: Strikes out swinging
Batting: RHB Tony Garcia 0-0: DOUBLE (Line Drive, 7LS, EV 96.9 MPH)
Tyrell Camp to third
Runner from 3rd tries for Home, SAFE, no throw by LF
Batting: SHB Andres Agudo 0-0: Ball
Passed Ball!
Tony Garcia to third
1-0: Ground out 4-3 (Groundball, 4, EV 91.2 MPH)
Bottom of the 1st over - 1 run, 1 hit, 0 errors, 1 left on base; Spokane 0 - Chicago (NYP) 1
TOP OF THE 2ND
Spokane Indians batting - Pitching for Chicago (NYP) White Sox : LHP Amari Miller
Batting: RHB Dennis Daniels 0-0: Ball
1-0: Ball
2-0: Ball
3-0: Called Strike
3-1: Base on Balls
Batting: RHB Eric Garrett 0-0: Called Strike
0-1: Ground out 5-3 (Groundball, 56S, EV 73.1 MPH)
Dennis Daniels to second
Batting: RHB Rick Concha 0-0: Ball
1-0: Ball
2-0: Ball
3-0: Foul Ball, location: 2F
3-1: Foul Ball, location: 2F
3-2: Foul Ball, location: 2F
3-2: Base on Balls
Batting: RHB Dennis Daniels 0-0: Ball
1-0: Ball
Passed Ball!
Dennis Daniels to third
Rick Concha to second
2-0: Foul Ball, location: 2F
2-1: Ball
3-1: SINGLE (Line Drive, 8LS, EV 104.4 MPH)
Dennis Daniels scores
Rick Concha to third
Batting: RHB Gavin Fimple 0-0: Ball
1-0: Called Strike
Dennis Daniels steals 2nd base
1-1: Foul Ball, location: 2F
1-2: Foul Ball, location: 2F
1-2: Ball
2-2: Ball
3-2: Foul Ball, location: 2F
3-2: Foul Ball, location: 2F
3-2: Strikes out swinging
Batting: RHB Danny Odom 0-0: Foul Ball, location: 2F
0-1: Ball
1-1: Ball
2-1: Ground out 6-3 (Groundball, 6, EV 92.5 MPH)
Top of the 2nd over - 1 run, 1 hit, 0 errors, 2 left on base; Spokane 1 - Chicago (NYP) 1
BOTTOM OF THE 2ND
Chicago (NYP) White Sox batting - Pitching for Spokane Indians : LHP Chris P. Bacon
Batting: RHB Yorkis Saiki 0-0: Called Strike
0-1: Foul Ball, location: 2F
0-2: Ball
1-2: Foul Ball, location: 2F
1-2: Strikes out swinging
Batting: SHB Noah Long 0-0: Called Strike
0-1: Foul Ball, location: 2F
0-2: Ball
1-2: Strikes out swinging
Batting: RHB Bastiaan Leenders 0-0: Ball
1-0: Ball
2-0: Called Strike
2-1: Ball
3-1: Ground out 5-3 (Groundball, 56, EV 90.6 MPH)
Bottom of the 2nd over - 0 runs, 0 hits, 0 errors, 0 left on base; Spokane 1 - Chicago (NYP) 1
TOP OF THE 3RD
Spokane Indians batting - Pitching for Chicago (NYP) White Sox : LHP Amari Miller
Batting: RHB Josh Whitmore 0-0: Called Strike
0-1: Ball
1-1: Ball
2-1: Ground out 6-3 (Groundball, 6MS, EV 91.2 MPH)
Batting: RHB Austin Mickelson 0-0: Ball
1-0: Foul Ball, location: 2F
1-1: Ball
2-1: Foul Ball, location: 2F
2-2: Ball
3-2: Ground out 5-3 (Groundball, 5L, EV 91.9 MPH)
Batting: RHB Vinny Luna 0-0: Ball
1-0: Called Strike
1-1: Ball
2-1: Ball
3-1: Called Strike
3-2: Base on Balls
Batting: RHB Dennis Daniels 0-0: Ball
Vinny Luna steals 2nd base
1-0: Called Strike
1-1: Ground out 2-3 (Groundball, 2R, EV 70.6 MPH)
Top of the 3rd over - 0 runs, 0 hits, 0 errors, 1 left on base; Spokane 1 - Chicago (NYP) 1
BOTTOM OF THE 3RD
Chicago (NYP) White Sox batting - Pitching for Spokane Indians : LHP Chris P. Bacon
Batting: SHB Malik Whitted 0-0: Foul Ball, location: 2F
0-1: Ball
1-1: Swinging Strike
1-2: Ground out U3 (Groundball, 3L, EV 90.6 MPH)
Batting: SHB Tomas Caldera 0-0: Called Strike
0-1: Ball
1-1: Called Strike
1-2: Foul Ball, location: 2F
1-2: Strikes out swinging
Batting: RHB Tyrell Camp 0-0: Ball
1-0: Ball
2-0: Fly out, F7 (Flyball, 78S, EV 89.4 MPH)
Bottom of the 3rd over - 0 runs, 0 hits, 0 errors, 0 left on base; Spokane 1 - Chicago (NYP) 1
TOP OF THE 4TH
Spokane Indians batting - Pitching for Chicago (NYP) White Sox : LHP Amari Miller
Batting: RHB Eric Garrett 0-0: Called Strike
0-1: Foul Ball, location: 2F
0-2: Foul Ball, location: 2F
0-2: Ball
1-2: Ground out U3 (Groundball, 34, EV 90.6 MPH)
Batting: RHB Rick Concha 0-0: Ball
1-0: Swinging Strike
1-1: Ground out U3 (Groundball, 3, EV 83.1 MPH)
Batting: RHB Dennis Daniels 0-0: Ball
1-0: Ball
2-0: Foul Ball, location: 2F
2-1: Ground out 1-3 (Groundball, 34S, EV 70.6 MPH)
Top of the 4th over - 0 runs, 0 hits, 0 errors, 0 left on base; Spokane 1 - Chicago (NYP) 1
BOTTOM OF THE 4TH
Chicago (NYP) White Sox batting - Pitching for Spokane Indians : LHP Chris P. Bacon
Batting: SHB Veit Geisler 0-0: Called Strike
0-1: Ball
1-1: Called Strike
1-2: Ball
2-2: Ball
3-2: Strikes out swinging
Batting: RHB Tony Garcia 0-0: SINGLE (Flyball, 4MD, EV 90.0 MPH)
Batting: SHB Andres Agudo 0-0: Grounds into double play, 3-6-3 (Groundball, 34S, EV 79.4 MPH)
Bottom of the 4th over - 0 runs, 1 hit, 0 errors, 0 left on base; Spokane 1 - Chicago (NYP) 1
TOP OF THE 5TH
Spokane Indians batting - Pitching for Chicago (NYP) White Sox : LHP Amari Miller
Batting: RHB Gavin Fimple 0-0: Ball
1-0: Fly out, F9 (Flyball, 9LM, EV 83.1 MPH)
Batting: RHB Danny Odom 0-0: Called Strike
0-1: Ball
1-1: Ball
2-1: Ball
3-1: Base on Balls
Pitching: RHP Danny Levinger
Pinch Hitting: LHB Ben Radach 0-0: Ball
1-0: Ball
2-0: Called Strike
2-1: Ball
3-1: Base on Balls
Danny Odom to second
Batting: RHB Austin Mickelson 0-0: Ball
1-0: Ball
2-0: Ball
3-0: Called Strike
3-1: Fly out, F9 (Line Drive, 9LS, EV 95.0 MPH)
Pinch Hitting: LHB Sean Gingrich 0-0: Ball
1-0: Ball
2-0: Ball
3-0: Called Strike
3-1: Base on Balls
Danny Odom to third
Ben Radach to second
Batting: RHB Dennis Daniels 0-0: Ball
1-0: Foul Ball, location: 2F
1-1: DOUBLE (Flyball, 8RXD, EV 100.6 MPH)
Danny Odom scores
Ben Radach scores
Sean Gingrich to third
Batting: RHB Eric Garrett 0-0: Called Strike
0-1: Called Strike
0-2: Fly out, F9 (Flyball, 9S, EV 84.4 MPH)
Top of the 5th over - 2 runs, 1 hit, 0 errors, 2 left on base; Spokane 3 - Chicago (NYP) 1
BOTTOM OF THE 5TH
Chicago (NYP) White Sox batting - Pitching for Spokane Indians : LHP Chris P. Bacon
Now at 1B: Jason Swisher
Now in RF: Theo van Gent
Batting: RHB Yorkis Saiki 0-0: Ball
1-0: Ball
2-0: Ball
3-0: Base on Balls
Batting: SHB Noah Long 0-0: Called Strike
0-1: Called Strike
0-2: Fielders Choice at 2nd, 3-6 (Groundball, 34S, EV 82.5 MPH)
Batting: RHB Bastiaan Leenders 0-0: Ball
1-0: Ball
2-0: Ball
3-0: Called Strike
3-1: Foul Ball, location: 2F
3-2: Foul Ball, location: 2F
3-2: Strikes out swinging
Batting: SHB Malik Whitted 0-0: Called Strike
0-1: Called Strike
0-2: Ball
1-2: Strikes out looking
Bottom of the 5th over - 0 runs, 0 hits, 0 errors, 1 left on base; Spokane 3 - Chicago (NYP) 1
TOP OF THE 6TH
Spokane Indians batting - Pitching for Chicago (NYP) White Sox : RHP Danny Levinger
Batting: RHB Rick Concha 0-0: Ball
1-0: Ball
2-0: Swinging Strike
2-1: Ground out 3-1 (Groundball, 34, EV 86.9 MPH)
Batting: RHB Dennis Daniels 0-0: Called Strike
0-1: Ball
1-1: Called Strike
1-2: Foul Ball, location: 2F
1-2: Ball
2-2: SINGLE (Line Drive, 8RS, EV 88.8 MPH)
Batting: RHB Gavin Fimple 0-0: Grounds into double play, 6-4-3 (Groundball, 6, EV 80.0 MPH)
Top of the 6th over - 0 runs, 1 hit, 0 errors, 0 left on base; Spokane 3 - Chicago (NYP) 1
BOTTOM OF THE 6TH
Chicago (NYP) White Sox batting - Pitching for Spokane Indians : LHP Chris P. Bacon
Batting: SHB Tomas Caldera 0-0: Foul Ball, location: 2F
0-1: Called Strike
0-2: Ball
1-2: Ground out 5-3 (Groundball, 5, EV 90.0 MPH)
Batting: RHB Tyrell Camp 0-0: Ball
1-0: Ground out 4-3 (Groundball, 4, EV 105.0 MPH)
Batting: SHB Veit Geisler 0-0: Called Strike
0-1: Ball
1-1: Foul Ball, location: 2F
1-2: Foul Ball, location: 2F
1-2: Fly out, F7 (Line Drive, 78M, EV 96.2 MPH)
Bottom of the 6th over - 0 runs, 0 hits, 0 errors, 0 left on base; Spokane 3 - Chicago (NYP) 1
TOP OF THE 7TH
Spokane Indians batting - Pitching for Chicago (NYP) White Sox : RHP Danny Levinger
Batting: RHB Danny Odom 0-0: Called Strike
0-1: Foul Ball, location: 2F
0-2: DOUBLE (Line Drive, 78D, EV 106.9 MPH)
Batting: RHB Jason Swisher 0-0: Foul Ball, location: 2F
0-1: Called Strike
0-2: Ball
1-2: Foul Ball, location: 2F
1-2: Ball
2-2: Ground out 6-3 (Groundball, 6, EV 88.8 MPH)
Danny Odom to third
Batting: RHB Austin Mickelson 0-0: Intentional Walk
Batting: RHB Theo van Gent 0-0: Called Strike
0-1: Ball
1-1: Called Strike
1-2: Ball
2-2: Ball
3-2: Fly out, F8 (Flyball, 8RS, EV 91.2 MPH)
Batting: RHB Dennis Daniels 0-0: Ball
Wild Pitch!
Danny Odom scores
Austin Mickelson to second
1-0: Ground out 6-3 (Groundball, 6, EV 83.1 MPH)
Top of the 7th over - 1 run, 1 hit, 0 errors, 1 left on base; Spokane 4 - Chicago (NYP) 1
BOTTOM OF THE 7TH
Chicago (NYP) White Sox batting - Pitching for Spokane Indians : LHP Chris P. Bacon
Batting: RHB Tony Garcia 0-0: Ball
1-0: Foul Ball, location: 2F
1-1: Ball
2-1: Called Strike
2-2: Foul Ball, location: 2F
2-2: Foul Ball, location: 2F
2-2: Ball
3-2: Base on Balls
Batting: SHB Andres Agudo 0-0: Swinging Strike
0-1: Swinging Strike
0-2: Strikes out looking
Batting: RHB Yorkis Saiki Pickoff Throw to First - Out! 1-3
0-0: Ball
1-0: Foul Ball, location: 2F
1-1: Called Strike
1-2: Strikes out looking
Bottom of the 7th over - 0 runs, 0 hits, 0 errors, 0 left on base; Spokane 4 - Chicago (NYP) 1
TOP OF THE 8TH
Spokane Indians batting - Pitching for Chicago (NYP) White Sox : RHP Danny Levinger
Batting: RHB Eric Garrett 0-0: Foul Ball, location: 2F
0-1: Ball
1-1: Ball
2-1: Called Strike
2-2: Strikes out swinging
Batting: RHB Rick Concha 0-0: Ground out 5-3 (Groundball, 5, EV 90.6 MPH)
Batting: RHB Dennis Daniels 0-0: Ball
1-0: Swinging Strike
1-1: Ball
2-1: Ball
3-1: Swinging Strike
3-2: Strikes out looking
Top of the 8th over - 0 runs, 0 hits, 0 errors, 0 left on base; Spokane 4 - Chicago (NYP) 1
BOTTOM OF THE 8TH
Chicago (NYP) White Sox batting - Pitching for Spokane Indians : LHP Chris P. Bacon
Batting: SHB Noah Long 0-0: Ground out U3 (Groundball, 13, EV 86.2 MPH)
Batting: RHB Bastiaan Leenders 0-0: Ball
1-0: Ball
2-0: Called Strike
2-1: Ball
3-1: Base on Balls
Batting: SHB Malik Whitted 0-0: Swinging Strike
0-1: Ball
1-1: Swinging Strike
1-2: Ball
2-2: Ball
3-2: Base on Balls
Bastiaan Leenders to second
Batting: SHB Tomas Caldera 0-0: Called Strike
0-1: Grounds into double play, 6-4-3 (Groundball, 56, EV 89.4 MPH)
Bottom of the 8th over - 0 runs, 0 hits, 0 errors, 1 left on base; Spokane 4 - Chicago (NYP) 1
TOP OF THE 9TH
Spokane Indians batting - Pitching for Chicago (NYP) White Sox : RHP Danny Levinger
Pitching: RHP Mike Ferry
Pinch Hitting: LHB Nick Foutz 0-0: Swinging Strike
0-1: Ball
1-1: Ball
2-1: Ball
3-1: Ground out U3 (Groundball, 3, EV 81.9 MPH)
Batting: RHB Danny Odom 0-0: Called Strike
0-1: Ball
1-1: Ball
2-1: Called Strike
2-2: Foul Ball, location: 2F
2-2: Strikes out swinging
Batting: RHB Jason Swisher 0-0: Ball
1-0: Ball
2-0: Foul Ball, location: 2F
2-1: Called Strike
2-2: Strikes out swinging
Top of the 9th over - 0 runs, 0 hits, 0 errors, 0 left on base; Spokane 4 - Chicago (NYP) 1
BOTTOM OF THE 9TH
Chicago (NYP) White Sox batting - Pitching for Spokane Indians : LHP Chris P. Bacon
Pitching: LHP Chad Dominey
Now at C: Danny Odom
Now in CF: Nick Foutz
Batting: RHB Tyrell Camp 0-0: Called Strike
0-1: Swinging Strike
0-2: Foul Ball, location: 2F
0-2: Ball
1-2: Foul Ball, location: 2F
1-2: Ball
2-2: Ground out 6-3 (Groundball, 56, EV 81.9 MPH)
Batting: SHB Veit Geisler 0-0: Called Strike
0-1: Ball
1-1: Foul Ball, location: 2F
1-2: Strikes out swinging
Batting: RHB Tony Garcia 0-0: Ball
1-0: Ball
2-0: Foul Ball, location: 2F
2-1: Called Strike
2-2: Ball
3-2: Foul Ball, location: 2F
3-2: Base on Balls
Batting: SHB Andres Agudo 0-0: Foul Ball, location: 2F
0-1: Foul Ball, location: 2F
0-2: Ball
Wild Pitch!
Tony Garcia to second
1-2: Ball
2-2: Ball
3-2: Base on Balls
Batting: RHB Yorkis Saiki 0-0: Fielders Choice at 2nd, 6-4 (Groundball, 6, EV 80.0 MPH)
Bottom of the 9th over - 0 runs, 0 hits, 0 errors, 2 left on base; Spokane 4 - Chicago (NYP) 1
Tuesday, March 28th , 2023 - OOTP Baseball 23.10 Build 110